cohdb
Replays
Latest Replays
All Replays
Popular Replays
Top Player Replays
Match Explorer
How It Works
Community
CoH3 Stats
Reddit
Sign in to upload your games and track your stats! →
Sign in with Steam
Match 45354818
Unlisted
Match 45354818
Overview
Messages
Build Orders
End
Vickers Machine Gun Team
Construct Section Command Post
Selects Indian Artillery Battlegroup
Dingo Light Scout Car
Infantry Section
Royal Engineer Section
Construct Platoon Command Post
Selects Valour
Humber Armored Car
CMP 15cwt Truck
Selects Gurkha Rifles Section
Gurkha Rifles Section
Skeng.Tecnica.International
Rather Splendid Cromwell
N7 SHARK
FoolishNinja
rezo1
dea0211
0
0
Comments
sign in to comment!
No comments posted yet!